 Dungeon Crawl Stone Soup version 0.21.0-24-g2553a33 (webtiles) character file.

347 Jatast the Skirmisher (level 6, -2/44 HPs)
             Began as a Gargoyle Wanderer on Jan 20, 2018.
             Was a Follower of Sif Muna.
             Slain by an ogre
             ... wielding a +0 giant club
              (23 damage)
             ... on level 4 of the Dungeon.
             The game lasted 00:08:58 (4467 turns).

Jatast the Skirmisher (Gargoyle Wanderer)           Turns: 4467, Time: 00:08:59

Health: -2/44      AC: 11    Str: 15    XL:     6   Next: 59%
Magic:  9/9        EV: 10    Int: 15    God:    Sif Muna [*.....]
Gold:   183        SH:  0    Dex:  9    Spells: 9/9 levels left

rFire    . . .     SeeInvis .   o - +0 short sword (venom)
rCold    . . .     Gourm    .   (no shield)
rNeg     + . .     Faith    .   x - +0 ring mail
rPois    ∞         Spirit   .   (no helmet)
rElec    +         Reflect  .   k - +1 cloak
rCorr    .         Harm     .   (no gloves)
MR       .....                  (no boots)
Stlth    +.........             (no amulet)
HPRegen  0.14/turn              (no ring)
MPRegen  0.11/turn              (no ring)

@: no status effects
A: negative energy resistance 1, electricity resistance, unbreathing,
petrification resistance, rot immunity, AC +4
a: Divine Energy, Renounce Religion


You were on level 4 of the Dungeon.
You worshipped Sif Muna.
Sif Muna was aware of your devotion.
You were not hungry.

You visited 1 branch of the dungeon, and saw 4 of its levels.

You collected 183 gold pieces.

Inventory:

Hand Weapons
 a - a +2 spear
 b - a +0 hand crossbow
 o - a +0 short sword of venom (weapon)
 w - a cursed -3 flail
Missiles
 c - 24 bolts
Armour
 e - a +0 robe
 k - a +1 cloak (worn)
 x - a +0 ring mail (worn)
Magical Staves
 m - an uncursed staff of conjuration
Jewellery
 n - an uncursed ring of magical power {unknown}
 q - an uncursed ring of wizardry {unknown}
Scrolls
 d - 2 scrolls of teleportation
 j - a scroll of remove curse
 p - 2 scrolls of enchant weapon {unknown}
 r - a scroll of blinking {unknown}
 s - 3 scrolls of identify
 y - a scroll of magic mapping {unknown}
Potions
 f - a potion of lignification {unknown}
 h - a potion of cancellation
 i - 3 potions of curing
 l - 2 potions of haste
 t - a potion of mutation {unknown}
 u - a potion of ambrosia {unknown}
Comestibles
 g - 5 rations
 v - 2 chunks of flesh


   Skills:
 + Level 7.2 Fighting
 + Level 1.4 Maces & Flails
 - Level 1.1 Armour
 - Level 2.1 Stealth
 - Level 2.0 Spellcasting
   Level 1.1 Conjurations
   Level 1.5 Necromancy


You had 9 spell levels left.
You didn't know any spells.

Dungeon Overview and Level Annotations

Branches:
Dungeon (4/15)
 Temple: D:4-7

Altars:
Makhleb
Sif Muna
Trog


Innate Abilities, Weirdness & Mutations

You are resistant to torment.
Your stone body is resilient. (AC +4)
You are immune to poison.
You resist negative energy. (rN+)
You are resistant to electric shocks. (rElec)
You can survive without breathing.
You are immune to petrification.
You are immune to rotting.


Message History

The adder misses you.
You hit the adder.
You kill the adder!
Sif Muna accepts your kill.
You butcher the adder corpse.
v - 2 chunks of flesh (gained 1)
You see here an adder skeleton. x2
An ogre comes into view. It is wielding a giant club.
The ogre shouts!
You hit the ogre.
The ogre is poisoned.
The ogre is moderately wounded.
The ogre hits you with a giant club!!
Ouch! That really hurt!
You are too injured to fight recklessly!
You are too injured to fight recklessly!
You puncture the ogre!
The ogre looks as sick as possible!
The ogre is heavily wounded.
The ogre hits you with a giant club!!
Ouch! That really hurt!
You die...

.##.#####...## ###.#
##.## #. #.# ### #.
##.## #. #...# #.# #
#...# #.#####.# #...#
####....... #...#
##....O..# #...#
#.....@?.#
##...######........#
...................##..
........................
..............÷.....#...
##...######.............
#...# #........#####
#...# ###.#..#.# #...#
#.##.#.#


You could see an ogre.

Vanquished Creatures
  The ghost of Jatast the Skirmisher, a weakling GrWn (D:4)
  A hound (D:3)
  An orc priest (D:4)
  2 worker ants
  9 adders
  3 gnolls (D:3)
  An ooze (D:4)
  2 worms
  2 dart slugs (D:1)
  2 leopard geckos
  8 orcs
  6 giant cockroaches
  4 goblins
  7 hobgoblins
  5 jackals
  A quokka (D:2)
  6 bats
  3 frilled lizards
  7 kobolds
  2 leopard gecko skeletons (D:4)
  7 rats
80 creatures vanquished.

Notes
Turn   | Place    | Note
-------+----------+-------------------------------------------
     0 | D:1      | Jatast the Gargoyle Wanderer began the quest for the Orb.
     0 | D:1      | Jatast set off with: a +2 spear, a +0 hand crossbow, 24 bolts, a scroll of teleportation, a +0 robe, a +0 dagger, a ration
     0 | D:1      | Reached XP level 1. HP: 12/12 MP: 3/3
   111 | D:1      | Reached XP level 2. HP: 17/18 MP: 5/5
   115 | D:1      | Reached skill level 3 in Fighting
   551 | D:2      | Reached XP level 3. HP: 23/24 MP: 6/6
   631 | D:2      | Reached skill level 4 in Fighting
   834 | D:2      | Noticed an orc warrior
  1101 | D:2      | Reached XP level 4. HP: 23/30 MP: 7/7
  1265 | D:2      | Reached skill level 5 in Fighting
  1834 | D:3      | Found a faded altar of an unknown god.
  2124 | D:3      | Reached XP level 5. HP: 16/36 MP: 8/8
  2651 | D:3      | Became a worshipper of Sif Muna the Loreminder
  2651 | D:3      | Reached * piety under Sif Muna
  2684 | D:4      | Noticed Jatast's ghost (weakling GrWn)
  2962 | D:3      | Reached skill level 6 in Fighting
  3635 | D:4      | Killed Jatast's ghost
  3635 | D:4      | Reached XP level 6. HP: 22/42 MP: 9/9
  3776 | D:4      | Found a burning altar of Makhleb.
  3784 | D:4      | Found a bloodstained altar of Trog.
  3848 | D:4      | Reached skill level 7 in Fighting
  4221 | D:4      | Reached skill level 1 in Maces & Flails
  4467 | D:4      | Slain by an ogre

Skill      XL: |  1  2  3  4  5  6 |
---------------+-------------------+-----
Fighting       | 3 4 5 6 7 |  7.2
Maces & Flails | 1 |  1.4
Armour         | |  1.1
Stealth        | |  2.1
Spellcasting   | |  2.0
Conjurations   | |  1.1
Necromancy     | |  1.5

Action                   |  1- 3 |  4- 6 || total
-------------------------+-------+-------++-------
Melee: Spear             |    82 |   181 ||   263
       Staff             |       |    20 ||    20
       Short sword       |       |    94 ||    94
  Use: Scroll            |       |     6 ||     6
 Stab: Sleeping          |     3 |     1 ||     4
  Eat: Chunk             |     1 |    11 ||    12
Armor: Robe              |    41 |    95 ||   136
       Ring mail         |       |     7 ||     7
Dodge: Dodged            |    37 |   173 ||   210
